[Event "Titled Tuesday Blitz September 20 Late 2022"]
[White "Jobava, Baadur"]
[Black "Lenderman, Aleksandr"]
[WhiteFideId "13601520"]
[BlackFideId "2021285"]
[WhiteElo "2582"]
[BlackElo "2607"]
[Result "1-0"]
[Round "05"]
[TimeControl "180+1"]
[Date "2022.09.20"]
[WhiteClock "0:01:02"]
[BlackClock "0:00:53"]

1. e4 e6 2. d4 d5 3. exd5 exd5 4. Nf3 Bd6 5. Bd3 Ne7 6. O-O O-O 7. Nc3 c6 8. Ne2 Bf5 9. Ng3 Bxd3 10. Qxd3 Nd7 11. Re1 Re8 12. Bg5 f6 13. Bd2 Ng6 14. Nf5 Bf8 15. h4 Nb6 16. Rxe8 Qxe8 17. Re1 Qd7 18. h5 Ne7 19. Nxe7+ Bxe7 20. b3 Bf8 21. Qe2 Kf7 22. Qd3 Kg8 23. Qe3 Qf5 24. h6 g5 25. Qc3 Nd7 26. Qa5 Bd6 27. Bb4 b6 28. Qa4 Bxb4 29. Qxb4 c5 30. dxc5 Nxc5 31. Re7 Ne4 32. Rg7+ Kh8 33. Qe7 g4 34. Rg5 Nxg5 35. Qg7# 1-0


[Site "https://www.chess.com"]

[Event "Titled Tuesday Blitz September 20 Late 2022"]
[White "Kamsky, Gata"]
[Black "Rosen, Eric"]
[WhiteFideId "2000024"]
[BlackFideId "2032562"]
[WhiteElo "2666"]
[BlackElo "2362"]
[Result "1-0"]
[Round "05"]
[TimeControl "180+1"]
[Date "2022.09.20"]
[WhiteClock "0:00:21"]
[BlackClock "0:00:01"]

1. e4 c5 2. Nc3 e6 3. f4 a6 4. Nf3 Nc6 5. g3 b5 6. Bg2 b4 7. Ne2 Nge7 8. O-O d5 9. d3 g6 10. Be3 d4 11. Bc1 Bg7 12. g4 Qb6 13. Nd2 Na5 14. f5 gxf5 15. exf5 Nd5 16. Nc4 Qd8 17. Nxa5 Qxa5 18. Nf4 Qd8 19. fxe6 Bxe6 20. Nxe6 fxe6 21. g5 Rf8 22. Qh5+ Kd7 23. Bd2 Qe7 24. Qxh7 Rxf1+ 25. Rxf1 Rf8 26. Rxf8 Qxf8 27. Qe4 Kd6 28. h4 Be5 29. h5 a5 30. h6 a4 31. g6 Qf6 32. g7 Qf7 33. Qg4 Ne7 34. b3 axb3 35. axb3 Ng8 36. h7 Bxg7 37. hxg8=Q Qxg8 38. Bh6 Qf7 39. Qxg7 Qf5 40. Qf8+ Ke5 41. Qxc5+ Kf6 42. Qxd4+ Kg6 43. Be4 1-0


[Site "https://www.chess.com"]

[Event "Titled Tuesday Blitz September 20 Late 2022"]
[White "Khlebovich, Alexander"]
[Black "Barria Zuniga, Daniel"]
[WhiteFideId "4169123"]
[BlackFideId "3400816"]
[WhiteElo "2355"]
[BlackElo "2414"]
[Result "1-0"]
[Round "05"]
[TimeControl "180+1"]
[Date "2022.09.20"]
[WhiteClock "0:00:47"]
[BlackClock "0:00:01"]

1. d4 d5 2. c4 e6 3. Nf3 Nf6 4. g3 Be7 5. Bg2 O-O 6. O-O dxc4 7. Ne5 Nd5 8. Nxc4 c6 9. e4 Nf6 10. Nc3 a5 11. d5 exd5 12. exd5 cxd5 13. Nxd5 Nxd5 14. Qxd5 Nc6 15. Qxd8 Rxd8 16. Nb6 Ra6 17. Nxc8 Rxc8 18. Be3 Bf6 19. Rac1 a4 20. Rfd1 Bxb2 21. Rc2 a3 22. Rd7 Rb8 23. Bf4 Be5 24. Bxc6 Bxf4 25. Bxb7 Rg6 26. Bd5 Rd6 27. Rb7 Rf8 28. Bb3 Be5 29. Rxf7 Rxf7 30. Rc8+ 1-0


[Site "https://www.chess.com"]

[Event "Titled Tuesday Blitz September 20 Late 2022"]
[White "Koellner, Ruben Gideon"]
[Black "Iliaguev, Nisim"]
[WhiteFideId "12993093"]
[BlackFideId "2817276"]
[WhiteElo "2286"]
[BlackElo "2107"]
[Result "0-1"]
[Round "05"]
[TimeControl "180+1"]
[Date "2022.09.20"]
[WhiteClock "0:00:01"]
[BlackClock "0:00:37"]

1. d4 Nf6 2. Bg5 e6 3. Nd2 h6 4. Bh4 d5 5. e3 Be7 6. Bd3 b6 7. c3 O-O 8. Qe2 c5 9. Bxf6 Bxf6 10. f4 a5 11. a4 Ba6 12. Ngf3 Bxd3 13. Qxd3 Nc6 14. O-O Qc8 15. Ne5 Bxe5 16. fxe5 Qa6 17. Qxa6 Rxa6 18. Ra2 Rb8 19. Rfa1 Ra7 20. Kf2 Rab7 21. Ke2 c4 22. b3 cxb3 23. Nxb3 Rc7 24. Nd2 Ne7 25. Kd3 Rc6 26. Rb1 Rb7 27. Rb5 Rbc7 28. Ra3 Nc8 29. Rab3 Kf8 30. e4 dxe4+ 31. Nxe4 Ke7 32. Nd6 Nxd6 33. exd6+ Rxd6 34. Rxb6 Rdd7 35. Ra6 e5 36. Rxa5 exd4 37. cxd4 Rc1 38. Re5+ Kd8 39. Rb4 Rd1+ 40. Ke3 f6 41. Reb5 Ke7 42. Rb7 Rxd4 43. Rxd7+ Rxd7 44. a5 Ra7 45. Ra4 Kd6 46. Kd4 Kc6 47. Kc4 g6 48. Ra2 Rc7 49. a6 Kb6+ 50. Kd5 Ka7 51. Ke6 f5 0-1


[Site "https://www.chess.com"]

[Event "Titled Tuesday Blitz September 20 Late 2022"]
[White "Korchmar, Vasiliy"]
[Black "Naroditsky, Daniel"]
[WhiteFideId "24131750"]
[BlackFideId "2026961"]
[WhiteElo "2370"]
[BlackElo "2628"]
[Result "0-1"]
[Round "05"]
[TimeControl "180+1"]
[Date "2022.09.20"]
[WhiteClock "0:00:02"]
[BlackClock "0:00:25"]

1. e4 c5 2. Nf3 Nf6 3. e5 Nd5 4. Nc3 e6 5. Nxd5 exd5 6. d4 Nc6 7. dxc5 Bxc5 8. Bd3 d6 9. exd6 O-O 10. O-O Qxd6 11. c3 h6 12. Qa4 Be6 13. Qh4 f5 14. Re1 Rae8 15. Be3 Bd7 16. Bxc5 Qxc5 17. Qf4 Nd8 18. Nd4 Ne6 19. Nxe6 Rxe6 20. Rxe6 Bxe6 21. Re1 Qb6 22. h4 Rf6 23. Re2 a6 24. h5 Qd8 25. Re5 Qd6 26. Bc2 Bf7 27. Qd4 Be6 28. Bb3 Kh7 29. Bxd5 Bxd5 30. Qxd5 Qf8 0-1


[Site "https://www.chess.com"]

[Event "Titled Tuesday Blitz September 20 Late 2022"]
[White "Kravtsiv, Martyn"]
[Black "Gomez Ledo, Roberto Carlos"]
[WhiteFideId "14113147"]
[BlackFideId "3507076"]
[WhiteElo "2694"]
[BlackElo "2379"]
[Result "1/2-1/2"]
[Round "05"]
[TimeControl "180+1"]
[Date "2022.09.20"]
[WhiteClock "0:00:09"]
[BlackClock "0:00:12"]

1. e4 e5 2. Nf3 Nc6 3. Nc3 Nf6 4. a4 a6 5. d4 exd4 6. Nxd4 Bb4 7. Nxc6 bxc6 8. Bd3 d5 9. Bd2 O-O 10. O-O Bxc3 11. Bxc3 Nxe4 12. Bxe4 dxe4 13. Qe2 Bf5 14. Qe3 h6 15. Rad1 Qg5 16. Rd4 Qxe3 17. fxe3 Be6 18. Rxe4 Rfd8 19. h3 Rd7 20. Re5 Rd5 21. e4 Rxe5 22. Bxe5 Rb8 23. b3 Rb7 24. Rd1 f6 25. Rd8+ Kf7 26. Bd4 Rb4 27. Bf2 Rxe4 28. Ra8 Re2 29. c4 Rb2 30. Rxa6 Rxb3 31. Rxc6 Rb4 32. Rxc7+ Kg6 33. a5 Bxc4 34. Bc5 Rb1+ 35. Kh2 Ra1 36. Bb6 Bd5 37. Rc5 Be4 38. g4 f5 39. gxf5+ Bxf5 40. h4 h5 41. Kg3 Ra3+ 42. Kf2 Ra2+ 43. Ke3 Ra3+ 44. Kd2 Ra2+ 45. Kc3 Rc2+ 46. Kb4 Rxc5 47. Kxc5 Bd3 48. Bd8 Kf7 49. Kb6 Ke8 50. Bg5 Kd7 51. a6 Be4 52. Bf4 Kc8 53. Be5 g6 54. Bf4 Bf3 55. Be3 Be4 56. Kc5 Kb8 57. Kd4 Bf3 58. Ke5 Ka8 59. Bd4 Bd1 60. Kf6 Bc2 61. a7 Bf5 62. Be3 Bb1 63. Bd4 Bf5 64. Be3 Bb1 65. Bd4 Bf5 1/2-1/2


[Site "https://www.chess.com"]

[Event "Titled Tuesday Blitz September 20 Late 2022"]
[White "Lewtak, Damian"]
[Black "Ozen, Bahadir"]
[WhiteFideId "1141724"]
[BlackFideId "6337058"]
[WhiteElo "2329"]
[BlackElo "2503"]
[Result "1-0"]
[Round "05"]
[TimeControl "180+1"]
[Date "2022.09.20"]
[WhiteClock "0:00:49"]
[BlackClock "0:01:32"]

1. d4 Nf6 2. Nf3 e6 3. c4 d5 4. Nc3 c6 5. e3 Nbd7 6. Bd3 dxc4 7. Bxc4 b5 8. Be2 Bb7 9. O-O a6 10. e4 b4 11. e5 bxc3 12. exf6 cxb2 13. fxg7 Bxg7 14. Bxb2 O-O 15. Rb1 c5 16. dxc5 Nxc5 17. Ba3 Qxd1 18. Rfxd1 Bxf3 19. Bxf3 Rac8 20. Rbc1 Na4 21. Bxf8 Rxf8 22. Rd3 Bh6 23. Rc4 Nb2 24. Rg4+ Kh8 25. Rb3 Bc1 26. Rgb4 Rc8 27. Rb8 Rxb8 28. Rxb8+ Kg7 29. Ra8 Na4 30. Rxa6 Nc3 31. Rc6 Nxa2 32. Rc2 1-0


[Site "https://www.chess.com"]

[Event "Titled Tuesday Blitz September 20 Late 2022"]
[White "Mahdavi, Reza"]
[Black "Fernandez De La Vara, Arnaldo"]
[WhiteFideId "12595926"]
[BlackFideId "3518388"]
[WhiteElo "2240"]
[BlackElo "2387"]
[Result "0-1"]
[Round "05"]
[TimeControl "180+1"]
[Date "2022.09.20"]
[WhiteClock "0:00:05"]
[BlackClock "0:00:07"]

1. e4 c5 2. c4 Nc6 3. Nc3 d6 4. g3 g6 5. Bg2 Bg7 6. Nge2 Nf6 7. d3 O-O 8. O-O Ne8 9. Be3 Nd4 10. Rb1 a5 11. a3 Bg4 12. h3 Bxe2 13. Nxe2 Nxe2+ 14. Qxe2 a4 15. f4 Nc7 16. f5 b5 17. g4 Rb8 18. g5 Be5 19. h4 bxc4 20. dxc4 Rb3 21. Kh1 Qb8 22. fxg6 hxg6 23. h5 Ne6 24. hxg6 fxg6 25. Qg4 Ng7 26. Rxf8+ Qxf8 27. Rf1 Qe8 28. Bg1 Rg3 29. Qh4 Nh5 30. Bh2 Qb8 31. Rf2 Qb3 32. Bf1 Qe3 33. Rg2 Qf3 34. Bxg3 Nxg3+ 35. Kh2 Nxf1+ 36. Kg1 Ng3 37. Rf2 Bd4 38. Qh2 Qxf2+ 39. Qxf2 Bxf2+ 40. Kxf2 Nxe4+ 41. Ke3 Nxg5 42. b4 cxb4 0-1


[Site "https://www.chess.com"]

[Event "Titled Tuesday Blitz September 20 Late 2022"]
[White "Maksimovic, Bojan"]
[Black "Martinez Alcantara, Jose Eduardo"]
[WhiteFideId "14408120"]
[BlackFideId "3805662"]
[WhiteElo "2447"]
[BlackElo "2703"]
[Result "1-0"]
[Round "05"]
[TimeControl "180+1"]
[Date "2022.09.20"]
[WhiteClock "0:00:04"]
[BlackClock "0:00:05"]

1. e4 c5 2. Nf3 d6 3. Bb5+ Bd7 4. a4 Nf6 5. d3 e6 6. O-O Be7 7. Nc3 O-O 8. Bxd7 Nbxd7 9. Re1 a6 10. h3 Qc7 11. Bf4 Qc6 12. e5 dxe5 13. Nxe5 Nxe5 14. Bxe5 Rfd8 15. Qe2 b5 16. axb5 axb5 17. Rxa8 Rxa8 18. b3 Nd7 19. Bg3 h6 20. Bf4 Bf8 21. Qe4 Qxe4 22. Nxe4 b4 23. Nd2 Ra2 24. Rc1 Nb6 25. Nc4 Nd5 26. Bd2 Be7 27. g3 Bf6 28. Kf1 Bd4 29. Be3 f6 30. Ke2 e5 31. Kd2 Bc3+ 32. Ke2 Bd4 33. Kd2 Kf7 34. g4 Bc3+ 35. Ke2 Bd4 36. Kd2 Ke6 37. h4 Bc3+ 38. Ke2 Bd4 39. Kd2 Ra8 40. h5 Ra2 41. Ke2 Kd7 42. Kf3 Ra6 43. Ke4 Ke6 44. Kf3 Nc3 45. Bd2 Nb5 46. Ke4 Ra2 47. f4 Na3 48. fxe5 fxe5 49. Ne3 Bxe3 50. Bxe3 Kd6 51. Rf1 Nxc2 52. Rf2 Rb2 53. g5 hxg5 54. Bxg5 Ke6 55. Bc1 Ra2 56. Be3 Kd6 57. Rg2 Kc6 58. Kxe5 Kb5 59. Ke4 Kc6 60. Bf4 Kb5 61. Be5 Kc6 62. Bxg7 Ra7 63. Rxc2 Rxg7 64. Rh2 Re7+ 65. Kf5 Kd5 66. h6 Kd4 67. h7 Rxh7 68. Rxh7 Kxd3 69. Rc7 Kc3 70. Ke4 Kxb3 71. Kd3 Ka2 72. Rxc5 b3 73. Ra5+ Kb1 74. Kc3 b2 75. Rh5 Ka1 76. Ra5+ Kb1 77. Kb3 Kc1 78. Rc5+ Kd1 79. Kxb2 Kd2 80. Rc3 1-0


[Site "https://www.chess.com"]

[Event "Titled Tuesday Blitz September 20 Late 2022"]
[White "Martinovici, Ilia"]
[Black "Perez Ponsa, Federico"]
[WhiteFideId "13907034"]
[BlackFideId "117927"]
[WhiteElo "2282"]
[BlackElo "2604"]
[Result "0-1"]
[Round "05"]
[TimeControl "180+1"]
[Date "2022.09.20"]
[WhiteClock "0:00:26"]
[BlackClock "0:00:23"]

1. d4 Nf6 2. c4 g6 3. Nc3 Bg7 4. e4 d6 5. f3 O-O 6. Bg5 c5 7. d5 e6 8. Nge2 exd5 9. cxd5 h6 10. Be3 Nbd7 11. Ng3 h5 12. Be2 h4 13. Nf1 Nh7 14. Nd2 f5 15. h3 Ne5 16. O-O f4 17. Bf2 Bf6 18. Nc4 Nxc4 19. Bxc4 Ng5 20. Kh2 Bxh3 21. e5 Bxe5 22. Bxh4 Bf5 23. Qe1 Kg7 24. Rh1 Rh8 25. Kg1 Bd4+ 26. Kf1 Qf6 27. g4 fxg3 28. Qxg3 Rxh4 29. Rxh4 Nxf3 30. Rxd4 Nxd4 31. Kg2 Rh8 32. Re1 Bh3+ 33. Kh1 Bf1+ 34. Kg1 Bxc4 35. Ne4 Nf3+ 0-1


[Site "https://www.chess.com"]

[Event "Titled Tuesday Blitz September 20 Late 2022"]
[White "Maze, Sebastien"]
[Black "Zhigalko, Sergei"]
[WhiteFideId "613762"]
[BlackFideId "13502956"]
[WhiteElo "2430"]
[BlackElo "2662"]
[Result "0-1"]
[Round "05"]
[TimeControl "180+1"]
[Date "2022.09.20"]
[WhiteClock "0:00:04"]
[BlackClock "0:00:08"]

1. e4 c5 2. Nf3 Nc6 3. Bb5 Nf6 4. Nc3 Qc7 5. O-O Nd4 6. Nxd4 cxd4 7. Nd5 Nxd5 8. exd5 Qc5 9. c4 a6 10. Ba4 Qxc4 11. Bb3 Qd3 12. Bc2 Qc4 13. Bb3 Qd3 14. Bc2 Qb5 15. Bb3 b6 16. d3 Bb7 17. Qf3 e6 18. Bf4 Be7 19. Rac1 O-O 20. Rc7 Bxd5 21. Bxd5 exd5 22. Rfc1 Rfe8 23. g3 Bf8 24. b3 h6 25. h4 a5 26. a4 Qxb3 27. Rxd7 Re7 28. Qxd5 Qxd5 29. Rxd5 Rae8 30. Kf1 Re2 31. Rc7 Ra2 32. Rdd7 Ree2 33. Rxf7 Rxf2+ 34. Kg1 Rfe2 35. Kf1 Rf2+ 36. Kg1 Rfb2 37. Bc1 Rg2+ 38. Kf1 Rh2 39. Kg1 Rag2+ 40. Kf1 Rxg3 41. Bf4 Rf3+ 42. Kg1 Rhf2 43. Rxf8+ Kxf8 44. Bd6+ Kg8 45. Be5 Rf1+ 46. Kg2 R1f2+ 47. Kg1 Rf7 48. Rc8+ Kh7 49. h5 R2f5 50. Bxd4 Rg5+ 0-1


[Site "https://www.chess.com"]

[Event "Titled Tuesday Blitz September 20 Late 2022"]
[White "Medeiros Jr, Francisco De Assis"]
[Black "Atanasov, Anthony"]
[WhiteFideId "2114267"]
[BlackFideId "2623897"]
[WhiteElo "2040"]
[BlackElo "1933"]
[Result "1-0"]
[Round "05"]
[TimeControl "180+1"]
[Date "2022.09.20"]
[WhiteClock "0:00:15"]
[BlackClock "0:00:02"]

1. d4 Nf6 2. Nf3 d5 3. Bg5 c5 4. Bxf6 gxf6 5. c3 Qb6 6. Qb3 c4 7. Qxb6 axb6 8. a3 b5 9. Nbd2 Bf5 10. Nh4 Bg6 11. Rc1 f5 12. g3 e6 13. f4 Be7 14. e3 Bxh4 15. gxh4 Bh5 16. Be2 Bxe2 17. Kxe2 Nd7 18. Rhg1 Ke7 19. Nf3 h6 20. Ne5 Rag8 21. Nxd7 Kxd7 22. h3 Kd6 23. Kf2 Kc6 24. Ke2 Kd6 25. Kf2 Ke7 26. Rxg8 Rxg8 27. Rg1 Ra8 28. Rg7 Kf6 29. Rg1 1-0


[Site "https://www.chess.com"]

[Event "Titled Tuesday Blitz September 20 Late 2022"]
[White "Melikyan, Gnel"]
[Black "Yanchenko, Roman"]
[WhiteFideId "54109990"]
[BlackFideId "4137329"]
[WhiteElo "1772"]
[BlackElo "2514"]
[Result "0-1"]
[Round "05"]
[TimeControl "180+1"]
[Date "2022.09.20"]
[WhiteClock "0:01:30"]
[BlackClock "0:02:12"]

1. e4 e6 2. d4 d5 3. e5 c5 4. c3 Qb6 5. Nf3 Bd7 6. a3 Bb5 7. c4 Bxc4 8. Bxc4 dxc4 9. d5 Ne7 10. Nc3 exd5 11. Nxd5 Qc6 12. Nxe7 Bxe7 13. O-O Nd7 14. Qe2 Nb6 15. Bg5 Bxg5 16. Nxg5 O-O 17. e6 fxe6 18. Qxe6+ Qxe6 19. Nxe6 Rf5 20. g4 Re5 21. Rfe1 Rxe1+ 22. Rxe1 Re8 23. Kf1 Na4 24. Re2 b6 25. f4 Nxb2 26. f5 Nd3 27. Rc2 b5 28. a4 a6 29. axb5 axb5 30. Ra2 c3 31. g5 b4 32. g6 hxg6 33. fxg6 c2 0-1


[Site "https://www.chess.com"]

[Event "Titled Tuesday Blitz September 20 Late 2022"]
[White "Melkumyan, Hrant"]
[Black "Leitao, Rafael"]
[WhiteFideId "13302485"]
[BlackFideId "2101246"]
[WhiteElo "2604"]
[BlackElo "2609"]
[Result "1-0"]
[Round "05"]
[TimeControl "180+1"]
[Date "2022.09.20"]
[WhiteClock "0:00:35"]
[BlackClock "0:00:16"]

1. Nf3 Nf6 2. c4 e6 3. Nc3 Bb4 4. Qb3 c5 5. g3 Nc6 6. a3 Ba5 7. Bg2 O-O 8. O-O Bc7 9. Rd1 d5 10. cxd5 exd5 11. d4 cxd4 12. Nb5 Bb6 13. Nbxd4 Bg4 14. Be3 Re8 15. Nc2 Be6 16. Bxb6 axb6 17. Nfd4 Qc7 18. Nb5 Qe5 19. Ncd4 Nxd4 20. Nxd4 Qd6 21. Rac1 Rac8 22. e3 h6 23. Qd3 Rc5 24. b4 Rc4 25. Ne2 Qc7 26. h3 Rc8 27. Qd2 Rc2 28. Rxc2 Qxc2 29. Qxc2 Rxc2 30. Nd4 Ra2 31. Rd3 Ne4 32. Nxe6 fxe6 33. Bxe4 dxe4 34. Rd6 Rxa3 35. Rxe6 Ra6 36. Rxe4 Ra4 37. h4 Kf7 38. h5 b5 39. g4 Kf6 40. Kg2 Ra6 41. Rf4+ Ke6 42. Rf5 Rb6 43. f4 Ke7 44. Kf3 Ke6 45. Re5+ Kf6 46. g5+ hxg5 47. Rxg5 Kf7 48. e4 Kf6 49. Rc5 Ra6 50. Rxb5 1-0


[Site "https://www.chess.com"]

[Event "Titled Tuesday Blitz September 20 Late 2022"]
[White "Milikow, Yoav"]
[Black "Ozates, Tuna"]
[WhiteFideId "2822237"]
[BlackFideId "6354521"]
[WhiteElo "2341"]
[BlackElo "1887"]
[Result "0-1"]
[Round "05"]
[TimeControl "180+1"]
[Date "2022.09.20"]
[WhiteClock "0:00:01"]
[BlackClock "0:00:15"]

1. d4 Nf6 2. c4 e6 3. Nc3 d5 4. Nf3 c6 5. Bg5 dxc4 6. e4 b5 7. e5 h6 8. Bh4 g5 9. Nxg5 hxg5 10. Bxg5 Nbd7 11. exf6 Bb7 12. Be2 Bh6 13. Qd2 Bxg5 14. Qxg5 Qxf6 15. Qg3 O-O-O 16. Ne4 Qg6 17. Nd6+ Kb8 18. Nxf7+ Qxg3 19. fxg3 c5 20. Nxd8 Rxd8 21. O-O-O Bxg2 22. Rhe1 Rh8 23. Bg4 cxd4 24. Rxd4 Nc5 25. h4 Re8 26. Re5 Nd3+ 27. Rxd3 cxd3 28. Bxe6 Kc7 29. Kd2 Kd6 30. Rxb5 Kxe6 31. Ra5 Be4 32. Rxa7 Rc8 33. Ke3 Bg6 34. Ra6+ Kf7 35. h5 Bh7 0-1


[Site "https://www.chess.com"]

[Event "Titled Tuesday Blitz September 20 Late 2022"]
[White "Mladek, Richard"]
[Black "Salem, A.R. Saleh"]
[WhiteFideId "386588"]
[BlackFideId "9301348"]
[WhiteElo "2263"]
[BlackElo "2628"]
[Result "0-1"]
[Round "05"]
[TimeControl "180+1"]
[Date "2022.09.20"]
[WhiteClock "0:00:03"]
[BlackClock "0:00:09"]

1. e4 c5 2. Nf3 d6 3. d4 cxd4 4. Nxd4 Nf6 5. Nc3 a6 6. Rg1 h5 7. Bg5 e6 8. Qd2 b5 9. f3 Be7 10. O-O-O Qc7 11. Kb1 Nbd7 12. h3 h4 13. g3 hxg3 14. Rxg3 Bb7 15. h4 Nb6 16. Bxf6 gxf6 17. Rg7 b4 18. Nce2 d5 19. exd5 Nxd5 20. Bh3 O-O-O 21. Bxe6+ fxe6 22. Nxe6 Qe5 23. Nxd8 Rxd8 24. Nd4 Ne3 25. Re1 Rxd4 26. Qc1 f5 27. Rg8+ Kc7 28. Rxe3 Qxe3 29. Qxe3 Rd1+ 30. Qc1 Rxc1+ 31. Kxc1 Bxf3 32. Rg7 Kd6 33. Kd2 Bxh4 34. Ke3 Be4 35. Rg6+ Ke5 36. Rxa6 f4+ 37. Ke2 f3+ 38. Ke3 Bg5+ 39. Kf2 Kf4 40. Ra7 Bh4+ 41. Kf1 Bxc2 42. Rd7 Bf5 43. Rf7 Ke4 44. Rb7 Bh3+ 0-1


[Site "https://www.chess.com"]

[Event "Titled Tuesday Blitz September 20 Late 2022"]
[White "Nakamura, Hikaru"]
[Black "Donchenko, Alexander"]
[WhiteFideId "2016192"]
[BlackFideId "24603295"]
[WhiteElo "2850"]
[BlackElo "2572"]
[Result "1/2-1/2"]
[Round "05"]
[TimeControl "180+1"]
[Date "2022.09.20"]
[WhiteClock "0:00:04"]
[BlackClock "0:00:04"]

1. g3 c5 2. Bg2 Nc6 3. d3 g6 4. Nc3 Bg7 5. Bd2 Rb8 6. Qc1 b5 7. e4 b4 8. Nd1 d6 9. f4 e6 10. Ne2 Nge7 11. O-O O-O 12. Ne3 f5 13. Kh1 Kh8 14. Ng1 Bb7 15. Nf3 Nd4 16. Nxd4 cxd4 17. Nd1 a5 18. Nf2 Qc7 19. a3 Nc6 20. axb4 Nxb4 21. c3 dxc3 22. bxc3 Nc6 23. d4 Rfc8 24. Re1 Ra8 25. Qd1 e5 26. fxe5 dxe5 27. d5 Nd8 28. c4 Qxc4 29. Rxa5 Rxa5 30. Bxa5 Nf7 31. d6 Qe6 32. d7 Rf8 33. d8=Q Nxd8 34. Bxd8 f4 35. gxf4 exf4 36. Bf3 g5 37. Bxg5 Ra8 38. Rg1 Bc6 39. Bxf4 Rf8 40. Bg3 h5 41. Bg2 Qh6 42. h4 Bf6 43. e5 Be7 44. Bxc6 Qxc6+ 45. Rg2 Rf5 46. Kh2 Qc4 47. Qd7 Rf7 48. e6 Rg7 49. Qe8+ Kh7 50. Qxh5+ Kg8 51. Qe8+ Kh7 52. Qh5+ Kg8 53. Qf5 Bxh4 54. Bxh4 Qxh4+ 55. Nh3 Rxg2+ 56. Kxg2 Qb4 57. Qg6+ Kh8 58. Qh5+ Kg7 59. Qf7+ Kh8 60. e7 Qg4+ 61. Kf2 Qe2+ 62. Kg3 Qg2+ 63. Kxg2 1/2-1/2


[Site "https://www.chess.com"]

[Event "Titled Tuesday Blitz September 20 Late 2022"]
[White "Panarin, Mikhail"]
[Black "Olsen, Filip Boe"]
[WhiteFideId "4153251"]
[BlackFideId "1440640"]
[WhiteElo "2495"]
[BlackElo "2195"]
[Result "1-0"]
[Round "05"]
[TimeControl "180+1"]
[Date "2022.09.20"]
[WhiteClock "0:00:04"]
[BlackClock "0:00:13"]

1. e4 c6 2. d4 d5 3. Nd2 dxe4 4. Nxe4 Bf5 5. Ng3 Bg6 6. h4 h6 7. Nf3 Nf6 8. h5 Bh7 9. Bd3 Bxd3 10. Qxd3 e6 11. Bd2 c5 12. Ne4 Nc6 13. Bc3 Nb4 14. Nxf6+ gxf6 15. Qe2 Nd5 16. Bd2 Qb6 17. c4 Nb4 18. Bc3 O-O-O 19. dxc5 Bxc5 20. O-O e5 21. a3 Nd3 22. b4 Nf4 23. Qe4 Rhg8 24. Qf5+ Kb8 25. bxc5 Rxg2+ 26. Kh1 Qc6 27. Bxe5+ fxe5 28. Qxe5+ Ka8 29. Qxf4 Rg5 30. Rg1 Rxh5+ 31. Kg2 a6 32. Kf1 Qd7 33. Rg3 Rh1+ 34. Ng1 h5 35. Kg2 Qc6+ 36. Qf3 Rh4 37. Qxc6 bxc6 38. Nf3 Rxc4 39. Rg7 Rxc5 40. Rxf7 Rg8+ 41. Kf1 h4 42. Rh7 Rf5 43. Nxh4 Rf4 44. Ng2 Rfg4 45. Rh2 c5 46. Re1 c4 47. Rc1 Kb7 48. f3 Rf4 49. Kf2 Rd4 50. Rc2 Rc8 51. Ne3 Rd3 52. Rh7+ Ka8 53. Rxc4 Rd2+ 54. Kg3 Rg8+ 55. Rg4 Re8 56. Re4 Rd3 57. Rxe8+ 1-0


[Site "https://www.chess.com"]

[Event "Titled Tuesday Blitz September 20 Late 2022"]
[White "Preotu, Razvan"]
[Black "Livaic, Leon"]
[WhiteFideId "2613280"]
[BlackFideId "14531534"]
[WhiteElo "2407"]
[BlackElo "2540"]
[Result "0-1"]
[Round "05"]
[TimeControl "180+1"]
[Date "2022.09.20"]
[WhiteClock "0:00:13"]
[BlackClock "0:00:36"]

1. e4 e6 2. d4 d5 3. Nc3 Bb4 4. e5 c5 5. a3 Bxc3+ 6. bxc3 Ne7 7. h4 Nbc6 8. h5 h6 9. Qg4 Qa5 10. Bd2 Rg8 11. a4 Bd7 12. Nf3 c4 13. g3 O-O-O 14. Bh3 f6 15. Qf4 Rdf8 16. Qe3 f5 17. Nh4 Be8 18. Qe2 Nd8 19. f4 g5 20. hxg6 Nxg6 21. Nxf5 exf5 22. g4 Bd7 23. gxf5 Bxf5 24. Bxf5+ Rxf5 25. Qg4 Ne7 26. Qh3 h5 27. Bc1 Rg4 28. Ba3 Ng6 29. Bb4 Qc7 30. a5 Nxf4 31. Qh2 Qg7 32. O-O-O Nc6 33. Bd6 Qg6 34. Rdf1 Rg2 35. Qh4 Rxe5 36. Rf2 Rxf2 37. Qxf2 Re2 0-1


[Site "https://www.chess.com"]

[Event "Titled Tuesday Blitz September 20 Late 2022"]
[White "Rasulov, Vugar"]
[Black "Navarrete Mendez, Gonzalo Alberto"]
[WhiteFideId "13402390"]
[BlackFideId "5106850"]
[WhiteElo "2509"]
[BlackElo "2261"]
[Result "1/2-1/2"]
[Round "05"]
[TimeControl "180+1"]
[Date "2022.09.20"]
[WhiteClock "0:00:05"]
[BlackClock "0:00:06"]

1. d4 d5 2. c4 dxc4 3. Nf3 a6 4. g3 b5 5. Bg2 Bb7 6. O-O e6 7. b3 cxb3 8. Qxb3 Nd7 9. a4 b4 10. a5 Ngf6 11. Nbd2 Bd6 12. Re1 O-O 13. e4 e5 14. Bb2 Re8 15. dxe5 Nxe5 16. Nxe5 Bxe5 17. Qxb4 Bxb2 18. Qxb2 Rb8 19. Qc3 h5 20. Rac1 h4 21. Rcd1 Qe7 22. e5 Ng4 23. Bxb7 Rxb7 24. Nf3 h3 25. Qc6 Rb5 26. Qxa6 Qc5 27. Re2 Rxa5 28. Qb7 Nxe5 29. Nxe5 Rxe5 30. Qc8+ Qf8 31. Qxc7 Rxe2 32. Qxa5 g6 33. Kf1 Re8 34. Qb5 Qe7 35. Kg1 Qe4 36. Qf1 Qf5 37. Rd4 Rb8 38. Rf4 Qd5 39. Rh4 Rb1 40. Rxh3 Rxf1+ 41. Kxf1 Qf3 42. Kg1 Kg7 43. Rh4 g5 44. Rd4 Qe2 45. h4 Qe5 46. Rg4 f6 47. hxg5 fxg5 48. Rc4 Kg6 49. Rc6+ Kh5 50. Rc1 Qe2 51. Kg2 Qe4+ 52. Kh2 Qe2 53. Kg2 Qe4+ 54. Kh2 Kg4 55. Rc3 Qe2 56. Kg2 Kh5 57. Re3 Qd2 58. Kf3 Qd1+ 59. Kg2 Kg6 60. Re6+ Kf5 61. Re3 Qd5+ 62. Kh2 Kg4 63. Rc3 Qb7 64. Re3 Qb2 65. Kg2 Kf5 66. Rf3+ Kg4 67. Re3 Kh5 68. Rd3 Kg6 69. Re3 Qc2 70. Kg1 Kf5 71. Kg2 Qc6+ 72. Kg1 Qc2 73. Kg2 g4 74. Re1 Qd2 75. Re3 Qd5+ 76. Kg1 Kg5 77. Re1 Qd2 78. Re3 Kf5 79. Kg2 Qc2 80. Re1 Qd2 81. Re3 1/2-1/2


[Site "https://www.chess.com"]

[Event "Titled Tuesday Blitz September 20 Late 2022"]
[White "Rustemov, Alexander"]
[Black "Svane, Rasmus"]
[WhiteFideId "4119002"]
[BlackFideId "4657101"]
[WhiteElo "2845"]
[BlackElo "2674"]
[Result "1-0"]
[Round "05"]
[TimeControl "180+1"]
[Date "2022.09.20"]
[WhiteClock "0:00:07"]
[BlackClock "0:00:02"]

1. d4 Nf6 2. c4 e6 3. Nf3 h6 4. Bf4 d5 5. e3 Bd6 6. Bg3 O-O 7. Nc3 a6 8. cxd5 exd5 9. Bd3 Bg4 10. O-O c6 11. Bxd6 Qxd6 12. h3 Bxf3 13. Qxf3 Nbd7 14. Rab1 a5 15. Qd1 g6 16. a3 Kg7 17. Qc2 Rfc8 18. Rfc1 Qe7 19. Na4 Ne8 20. b4 Nd6 21. Nc5 axb4 22. axb4 b5 23. Ra1 Nc4 24. Qc3 Nxc5 25. dxc5+ Qf6 26. Qe1 h5 27. Bf1 Re8 28. Qd1 Qe5 29. h4 Qf6 30. g3 Rxa1 31. Rxa1 Nxe3 32. fxe3 Rxe3 33. Bg2 Rxg3 34. Qe1 Qd4+ 35. Kf1 Rg4 36. Ra3 Rxh4 37. Rf3 Re4 38. Qb1 Qe5 39. Rf2 h4 40. Bxe4 dxe4 41. Qb2 Qxb2 42. Rxb2 Kf6 43. Rd2 Kg5 44. Rd6 h3 45. Rxc6 e3 46. Rc8 Kf4 47. Rh8 Kg3 48. c6 f5 49. c7 f4 50. c8=Q 1-0


[Site "https://www.chess.com"]

[Event "Titled Tuesday Blitz September 20 Late 2022"]
[White "Safarli, Eltaj"]
[Black "Bortnyk, Olexandr"]
[WhiteFideId "13402129"]
[BlackFideId "14120828"]
[WhiteElo "2634"]
[BlackElo "2723"]
[Result "0-1"]
[Round "05"]
[TimeControl "180+1"]
[Date "2022.09.20"]
[WhiteClock "0:00:35"]
[BlackClock "0:00:09"]

1. e4 d6 2. d4 Nf6 3. Nc3 e5 4. Nf3 Nbd7 5. Bc4 Be7 6. O-O c6 7. Re1 h6 8. a4 Qc7 9. a5 Nf8 10. Bb3 Ng6 11. a6 bxa6 12. d5 c5 13. Ba4+ Kf8 14. Nd2 Rb8 15. Nc4 Kg8 16. Bc6 Kh7 17. b3 Rf8 18. h3 Nd7 19. Qh5 Nb6 20. Ne3 Bg5 21. Nf5 Bxc1 22. Raxc1 Bxf5 23. exf5 Ne7 24. f6 g6 25. Qf3 Nxc6 26. dxc6 Rbc8 27. Rcd1 Qxc6 28. Nd5 Nxd5 29. Rxd5 Rfe8 30. Red1 Re6 31. h4 h5 32. c4 Rb8 33. Re1 Qb6 34. Rd3 Qd8 35. Qc6 Qxf6 36. Qxa6 Qe7 37. g3 e4 38. Rdd1 Rxb3 39. Qa2 Rf3 40. Kg2 Qf6 41. Qd2 Rd3 42. Qe2 Qf3+ 43. Qxf3 exf3+ 44. Kh2 Rxd1 45. Rxd1 a5 46. Rd3 Kg7 47. Ra3 Re4 48. Rxa5 Rxc4 0-1


[Site "https://www.chess.com"]